 Dungeon Crawl Stone Soup version 0.28-a0-872-g80cf8599ee (webtiles) character file.

Game seed: 16398332540844991866

2291 mcbry74 the Spear-Bearer (level 9, -2/77 HPs)
             Began as a Merfolk Gladiator on Nov 20, 2021.
             Was an Initiate of Wu Jian.
             Slain by Harold (25 damage)
             ... on level 7 of the Dungeon.
             The game lasted 00:29:20 (7430 turns).

mcbry74 the Spear-Bearer (Merfolk Gladiator)        Turns: 7430, Time: 00:29:20

Health: -2/77      AC:  6    Str: 17    XL:     9   Next: 40%
Magic:  9/9        EV: 13    Int:  7    God:    Wu Jian [......]
Gold:   405        SH:  0    Dex: 16    Spells: 5/8 levels left

rFire   . . .      SeeInvis .   a - +1 trident
rCold   . . .      Faith    .   (no shield)
rNeg    . . .      Spirit   .   b - +0 leather armour
rPois   .          Reflect  .   h - +1 helmet
rElec   .          Harm     .   (no cloak)
rCorr   .          Rampage  .   u - +0 pair of gloves
Will    .....                   (no boots)
Stlth   +.........              (no amulet)
HPRegen 0.22/turn               (no ring)
MPRegen 0.11/turn               (no ring)

@: marked
A: (nimble swimmer 2), mertail
a: Renounce Religion


You were on level 7 of the Dungeon.
You worshipped Wu Jian.
Wu Jian was noncommittal.
You visited 2 branches of the dungeon, and saw 8 of its levels.

You collected 405 gold pieces.

Inventory:

Hand Weapons
 a - a +1 trident (weapon)
 w - a +1 mace of holy wrath
 x - a +0 halberd
Missiles
 d - a throwing net
 e - 146 stones
 f - 4 datura-tipped darts
 k - 5 poisoned darts (quivered)
 v - 3 javelins
Armour
 b - a +0 leather armour (worn)
 c - a +0 helmet
 h - a +1 helmet (worn)
 o - a +0 ring mail
 u - a +0 pair of gloves (worn)
Jewellery
 l - an amulet of faith
Wands
 m - a wand of flame (15)
Scrolls
 q - a scroll of teleportation
Potions
 g - a potion of brilliance
 i - 2 potions of ambrosia {unknown}
 n - a potion of lignification
 r - a potion of might
 s - 2 potions of heal wounds
 t - 3 potions of curing


   Skills:
 * Level 9.4 Fighting
 * Level 12.5 Polearms
 - Level 2.0 Throwing
 - Level 4.0 Dodging
 + Level 2.9 Summonings


You had 5 spell levels left.
You knew the following spells:

 Your Spells              Type           Power      Damage    Failure   Level
a - Call Canine Familiar  Summ           4%         N/A       45%         3

Your spell library contained the following spells:

 Spells                   Type           Power      Damage    Failure   Level
 Apportation              Tloc           0%         N/A       50%         1
 Portal Projectile        Hex/Tloc       0%         N/A       86%         3
 Leda's Liquefaction      Hex/Erth       0%         N/A       99%         4
 Alistair's Intoxication  Tmut/Pois      0%         N/A       100%        5
 Blade Hands              Tmut           0%         N/A       100%        5
 Excruciating Wounds      Necr           0%         N/A       100%        5


Dungeon Overview and Level Annotations

Branches:
Dungeon (7/15)             Temple (1/1) D:6

Altars:
Ashenzari
Cheibriados
Fedhas
Gozag
Hepliaklqana
Makhleb
Sif Muna
Uskayaw
Vehumet
Wu Jian
Xom
Zin

Shops:
D:1 ?=*?[

Annotations:
D:7 Harold


Innate Abilities, Weirdness & Mutations

((You are quick and stealthy near water. (Stealth+, EV+, Speed+++)))
Your lower body shifts to a powerful aquatic tail in water.


Message History

You struggle against the net.
You struggle against the net.
You struggle against the net.
You rip the net and break free!
You hit Harold.
Harold is lightly wounded.
You closely miss Harold.
Harold is lightly wounded.
Harold asks, "Do you mind if I name my boat the 'mcbry74'?
Your head will be paying for it, after all."
Harold hits you with a +0 dire flail!
You hit Harold.
Harold is lightly wounded.
You hit Harold but do no damage.
Harold is lightly wounded.
Harold points at you and mumbles some strange words.
The mark upon you grows brighter.
You puncture Harold!
Harold is moderately wounded.
Harold closely misses you.
You closely miss Harold.
Harold is moderately wounded.
Harold looks more healthy.
Harold hits you with a +0 dire flail!
You closely miss Harold.
Harold is moderately wounded.
You hit Harold but do no damage.
Harold is moderately wounded.
Harold closely misses you.
You puncture Harold!
Harold is heavily wounded.
Harold hits you with a +0 dire flail!
You hit Harold.
Harold is heavily wounded.
You barely miss Harold.
Harold is heavily wounded.
Harold hits you with a +0 dire flail!!
* * * LOW HITPOINT WARNING * * *
You puncture Harold!
Harold is severely wounded.
Harold hits you with a +0 dire flail!!
You die...

#(# #.#
#(# #.#
### #.#
#.# ..#
#.# #.#
#^# #.#
#.# #.#
#.# #.###
#.# #.#
#<..#
#.######@#
###.#
#.##...@(#
#.#
#.##.#####
#.# #.##.#
#.# #.##.#
#.#
##.##.#
#.#
##..##.#
#.#
##...##.#
#.#
#.......#
#[#
#....####
#.#


You could see Harold.

Vanquished Creatures
  A steam dragon (D:5)
  Menkaure (D:5)
  Duvessa (D:6)
  A black bear (D:3)
  A necrophage (D:4)
  9 ogres
  3 phantoms
  2 bullfrogs
  2 scorpions (D:5)
  Dowan (D:6)
  A howler monkey (D:5)
  A hound (D:5)
  A gnoll shaman (D:4)
  A centaur skeleton (D:6)
  Terence (D:2)
  2 iguanas
  A hound zombie (D:5)
  A hound skeleton (D:5)
  A howler monkey skeleton (D:3)
  5 gnolls (D:4)
  4 adders
  A shadow imp (D:5)
  A white imp (D:6)
  2 ufetubi
  A worm (D:2)
  A dart slug (D:4)
  9 orcs
  8 bats
  7 endoplasms
  3 giant cockroaches
  7 goblins
  9 hobgoblins
  4 jackals
  5 quokkas
  6 ball pythons
  2 frilled lizards
  9 kobolds
  3 rats
119 creatures vanquished.

Notes
Turn   | Place    | Note
-------+----------+-------------------------------------------
     0 | D:1      | mcbry74 the Merfolk Gladiator began the quest for the Orb.
     0 | D:1      | Reached XP level 1. HP: 16/16 MP: 1/1
   148 | D:1      | Found Gacrez's Antique Armour Shoppe.
   231 | D:1      | Found Akothic's Magic Scroll Shoppe.
   244 | D:1      | Found Ylaojob's General Store.
   308 | D:1      | Found Vekuzoq's Jewellery Shop.
   315 | D:1      | Reached XP level 2. HP: 23/23 MP: 2/2
   480 | D:1      | Found Quom's Magic Scroll Shoppe.
   630 | D:1      | Reached skill level 5 in Polearms
   978 | D:2      | Noticed Terence
   991 | D:2      | Killed Terence
   992 | D:2      | Reached XP level 3. HP: 19/29 MP: 3/3
  1238 | D:2      | Reached XP level 4. HP: 35/35 MP: 4/4
  1638 | D:2      | Reached skill level 6 in Polearms
  1727 | D:3      | Noticed a black bear
  1737 | D:3      | Killed a black bear
  1738 | D:3      | Reached XP level 5. HP: 34/43 MP: 5/5
  1896 | D:3      | Found a broken altar of Ashenzari.
  2023 | D:3      | Reached skill level 7 in Polearms
  2486 | D:4      | Noticed an ogre
  2496 | D:3      | Reached XP level 6. HP: 31/50 MP: 6/6
  2498 | D:3      | Reached skill level 5 in Fighting
  3061 | D:4      | Reached skill level 8 in Polearms
  3288 | D:4      | Reached XP level 7. HP: 34/57 MP: 7/7
  3525 | D:4      | Reached skill level 9 in Polearms
  3783 | D:5      | Entered Level 5 of the Dungeon
  4230 | D:5      | Noticed Menkaure
  4236 | D:5      | Killed Menkaure
  4237 | D:5      | Reached skill level 10 in Polearms
  4237 | D:5      | Reached XP level 8. HP: 26/67 MP: 8/8
  4655 | D:5      | Learned a level 3 spell: Call Canine Familiar
  4714 | D:5      | Found an ornate altar of the Wu Jian Council.
  4716 | D:5      | Found a hide-covered altar of Uskayaw.
  4716 | D:5      | Found a burning altar of Makhleb.
  4725 | D:5      | Became a worshipper of the Wu Jian Council
  4862 | D:5      | Reached skill level 11 in Polearms
  5206 | D:5      | Reached skill level 1 in Summonings
  5773 | D:5      | Reached XP level 9. HP: 41/75 MP: 9/9
  6125 | D:6      | Noticed Duvessa
  6125 | D:6      | Noticed Dowan
  6354 | D:5      | Reached skill level 12 in Polearms
  6653 | D:6      | Found a glowing silver altar of Zin.
  6654 | D:6      | Found an opulent altar of Gozag.
  7025 | D:6      | Found a staircase to the Ecumenical Temple.
  7034 | Temple   | Entered the Ecumenical Temple
  7109 | D:6      | Killed Duvessa
  7119 | D:6      | Killed Dowan
  7390 | D:7      | Noticed Harold
  7430 | D:7      | Slain by Harold

Illustrated notes

Levels and vault maps discovered:
D:1:      evilmike_arrival_hilbert_curve, layout_loops_ring, serial_shops, shop,
          nicolae_shop_window_shopping, nicolae_shop_statue_plus,
          nicolae_shop_waterfront, shop_coins, hangedman_abyss_or_decor_stabs
D:2:      layout_basic, hangedman_decor_peaks_small, uniq_terence
D:3:      layout_basic, old_standard_altar
D:4:      layout_rooms, kennysheep_cross_bottleneck
D:5:      layout_loops_ring, grunt_temple_overflow_diamond, st_stairs_4,
          uniq_menkaure
D:6:      layout_cave_pools, grunt_temple_overflow_gold_and_silver,
          minmay_temple_entry_poolview, hex_large, uniq_duvessa
D:7:      layout_loops_ring, uniq_pikel, uniq_crazy_yiuf_cottage, uniq_maggie,
          uniq_harold
Temple:   eino_temple_rhombus

Skill      XL: |  1  2  3  4  5  6  7  8  9 |
---------------+----------------------------+-----
Polearms       | 5 6 7 8 10 11 12 | 12.5
Fighting       | 3 4 5 7 8 9 |  9.4
Summonings     | 2 |  2.9
Throwing       | |  2.0
Dodging        | |  4.0

Action                   |  1- 3 |  4- 6 |  7- 9 || total
-------------------------+-------+-------+-------++-------
Melee: Trident           |    74 |   184 |   239 ||   497
       Mace              |       |       |     7 ||     7
Throw: Throwing net      |     1 |     2 |       ||     3
       Stone             |       |    15 |     4 ||    19
       Javelin           |       |     3 |       ||     3
       Dart              |       |       |    27 ||    27
Invok: Lunge             |       |       |     1 ||     1
  Use: Scroll            |       |       |    12 ||    12
       Potion            |       |       |     1 ||     1
 Stab: Held in net/web   |     2 |       |       ||     2
       Sleeping          |       |     3 |       ||     3
Armor: Leather armour    |    16 |    34 |    34 ||    84
Dodge: Dodged            |    43 |    84 |   109 ||   236

Table legend: (Time is in decaauts)
 A = Elapsed time spent in this place.
 B = Non-inter-level travel time spent in this place.
 C = Inter-level travel time spent in this place.
 D = Time resting spent in this place.
 E = Time spent auto-exploring this place.
 F = Levels seen in this place.
 G = Mean time per level.
                   A        B        C        D        E       F      G
               +--------+--------+--------+--------+--------+-----+--------+
         Total |   7369 |   7063 |    306 |   2234 |   3291 |   8 |  921.1 |
       Dungeon |   7359 |   7057 |    302 |   2234 |   3289 |   7 | 1051.3 |
        Temple |      9 |      5 |      4 |      0 |      2 |   1 |    9.0 |
               +--------+--------+--------+--------+--------+-----+--------+

Top non-repeatable levels by time:
     D:5: 2575 daAuts
     D:3: 1128 daAuts
     D:1: 971 daAuts
     D:6: 882 daAuts
     D:2: 867 daAuts
     D:4: 803 daAuts
     D:7: 131 daAuts
  Temple: 9 daAuts
